[ AOE2 MATCH · #473314233 ]
UnrankedPoles vs Lithuanians
[ REPLAY ANALYSIS · EXTRACTED FROM THE RECORDED GAME ]
Feudal
13:49
Castle
18:34
Imperial
—
| APM avg | 28.2 |
| APM peak | 66 |
| eAPM avg | 16.2 |
| Villagers / military | 75 / 0 |
Focus
⚔️ 7.3% · 🌾 92.7%
Feudal
13:58
Castle
17:42
Imperial
—
| APM avg | 38.0 |
| APM peak | 59 |
| eAPM avg | 22.3 |
| Villagers / military | 40 / 22 |
Focus
⚔️ 37.6% · 🌾 62.4%
Militia ×17 · Battering Ram ×4 · Scorpion ×1
Feudal
12:45
Castle
16:27
Imperial
—
| APM avg | 15.3 |
| APM peak | 36 |
| eAPM avg | 11.3 |
| Villagers / military | 61 / 1 |
Focus
⚔️ 13.4% · 🌾 86.6%
Mangonel ×1
Feudal
12:58
Castle
17:37
Imperial
—
| APM avg | 25.7 |
| APM peak | 61 |
| eAPM avg | 17.5 |
| Villagers / military | 49 / 7 |
Focus
⚔️ 23.7% · 🌾 76.3%
Petard ×7
Feudal
14:03
Castle
—
Imperial
—
| APM avg | 19.7 |
| APM peak | 47 |
| eAPM avg | 11.0 |
| Villagers / military | 47 / 0 |
Focus
⚔️ 7.0% · 🌾 93.0%
Trade Cart ×7
Feudal
10:58
Castle
14:30
Imperial
—
| APM avg | 53.2 |
| APM peak | 98 |
| eAPM avg | 22.8 |
| Villagers / military | 101 / 0 |
Focus
⚔️ 34.2% · 🌾 65.8%
Feudal
10:21
Castle
16:20
Imperial
—
| APM avg | 34.4 |
| APM peak | 59 |
| eAPM avg | 16.9 |
| Villagers / military | 42 / 1 |
Focus
⚔️ 25.6% · 🌾 74.4%
Unknown (1944) ×2 · Spearman ×1
Feudal
13:25
Castle
17:20
Imperial
—
| APM avg | 30.9 |
| APM peak | 77 |
| eAPM avg | 17.6 |
| Villagers / military | 41 / 6 |
Focus
⚔️ 24.6% · 🌾 75.4%
Battering Ram ×4 · Hussite Wagon ×2
Match map
Initial resources + every placement click. Lines = walls · curves = elevation contours. ◆ gold · ⬟ stone · ● berries · ✦ relic · ◌ wall gap
Your base· ✓ Closed at 18:34 · 0t walls · no gate
Harry Pioter's base· ✓ Closed at 17:42 · 22t walls · no gate
Luca's base· Open — unwalled flank
MeXxX's base· ✓ Closed at 17:37 · 22t walls · no gate
Kenta.Kofot's base· ✓ Closed at 20:25 · 20t walls · 1 gate(s) · fragile
ruibizca's base· Open — unwalled flank
Yng_Triceratops's base· ✓ Closed at 16:20 · 5t walls · 2 gate(s)
lelouch's base· ✓ Closed at 17:20 · 43t walls · fragile
Smoothed initial terrain · ◌ = detected wall gap · hover for details
Inputs per minute
— Koab - - Harry Pioter
Build order — Koab
130 actions detected in the replay
| 0:02 | Create | Villager (Male) |
| 0:02 | Create | Villager (Male) |
| 0:03 | Build | House |
| 0:05 | Build | House |
| 0:35 | Create | Villager (Male) |
| 0:35 | Create | Villager (Male) |
| 0:35 | Create | Villager (Male) |
| 1:49 | Create | Villager (Male) |
| 1:49 | Create | Villager (Male) |
| 2:29 | Create | Villager (Male) |
| 2:29 | Create | Villager (Male) |
| 2:29 | Create | Villager (Male) |
| 3:24 | Create | Villager (Male) |
| 3:24 | Create | Villager (Male) |
| 3:24 | Create | Villager (Male) |
| 3:40 | Create | Villager (Male) |
| 3:40 | Create | Villager (Male) |
| 3:40 | Create | Villager (Male) |
| 4:09 | Build | House |
| 4:42 | Create | Villager (Male) |
| 4:42 | Create | Villager (Male) |
| 5:21 | Create | Villager (Male) |
| 5:22 | Create | Villager (Male) |
| 5:22 | Create | Villager (Male) |
| 5:28 | Create | Villager (Male) |
| 5:38 | Build | Mill |
| 6:17 | Build | Lumber Camp |
| 7:28 | Create | Villager (Male) |
| 7:29 | Create | Villager (Male) |
| 7:29 | Create | Villager (Male) |
| 8:12 | Create | Villager (Male) |
| 8:12 | Create | Villager (Male) |
| 8:47 | Build | House |
| 8:55 | Create | Villager (Male) |
| 8:56 | Create | Villager (Male) |
| 9:18 | Build | House |
| 9:27 | Create | Villager (Male) |
| 9:27 | Create | Villager (Male) |
| 9:39 | Create | Villager (Male) |
| 10:06 | Create | Villager (Male) |
| 10:26 | Build | Mill |
| 10:34 | Create | Villager (Male) |
| 10:57 | Create | Villager (Male) |
| 11:18 | Build | Mill |
| 11:24 | Research | Feudal Age |
| 11:41 | Create | Villager (Male) |
| 11:49 | Build | Mining Camp |
| 12:42 | Create | Villager (Male) |
| 12:42 | Create | Villager (Male) |
| 13:46 | Create | Villager (Male) |
| 13:49 | Age | Feudal Age |
| 13:58 | Create | Villager (Male) |
| 14:06 | Build | Blacksmith |
| 14:09 | Build | Market |
| 14:15 | Build | Farm |
| 14:16 | Build | Farm |
| 14:16 | Build | Farm |
| 14:16 | Build | Farm |
| 14:16 | Build | Farm |
| 14:17 | Build | Farm |
| 14:18 | Build | Farm |
| 14:25 | Create | Villager (Male) |
| 14:25 | Create | Villager (Male) |
| 15:49 | Research | Castle Age |
| 16:01 | Build | Mining Camp |
| 16:07 | Build | Mining Camp |
| 16:13 | Research | Double-Bit Axe |
| 16:26 | Create | Villager (Male) |
| 16:26 | Create | Villager (Male) |
| 16:54 | Research | Horse Collar |
| 16:56 | Build | Farm |
| 16:56 | Build | Farm |
| 17:10 | Build | Farm |
| 17:21 | Build | Farm |
| 18:34 | Age | Castle Age |
| 18:38 | Build | Town Center |
| 19:08 | Build | Farm |
| 19:08 | Build | Farm |
| 19:09 | Build | Farm |
| 19:25 | Build | Farm |
| 19:36 | Create | Villager (Male) |
| 19:36 | Create | Villager (Male) |
| 19:36 | Create | Villager (Male) |
| 20:01 | Create | Villager (Male) |
| 20:01 | Create | Villager (Male) |
| 20:01 | Create | Villager (Male) |
| 20:14 | Create | Villager (Male) |
| 20:25 | Build | Town Center |
| 20:49 | Build | Farm |
| 21:09 | Create | Villager (Male) |
| 21:09 | Create | Villager (Male) |
| 21:11 | Create | Villager (Male) |
| 21:12 | Create | Villager (Male) |
| 21:22 | Create | Villager (Male) |
| 21:23 | Create | Villager (Male) |
| 21:23 | Create | Villager (Male) |
| 21:26 | Build | Town Center |
| 21:29 | Create | Villager (Male) |
| 21:29 | Create | Villager (Male) |
| 21:29 | Create | Villager (Male) |
| 21:49 | Create | Villager (Male) |
| 21:50 | Create | Villager (Male) |
| 21:53 | Create | Villager (Male) |
| 22:03 | Create | Villager (Male) |
| 22:05 | Create | Villager (Male) |
| 22:05 | Create | Villager (Male) |
| 22:05 | Create | Villager (Male) |
| 22:05 | Create | Villager (Male) |
| 22:28 | Build | Farm |
| 22:28 | Build | Farm |
| 22:28 | Build | Farm |
| 22:28 | Build | Farm |
| 22:28 | Build | Farm |
| 22:29 | Build | Farm |
| 22:29 | Build | Farm |
| 22:31 | Build | Farm |
| 22:44 | Build | Farm |
| 22:48 | Build | House |
| 22:48 | Build | House |
| 22:48 | Build | House |
| 22:48 | Build | House |
| 22:49 | Build | House |
| 22:49 | Build | House |
| 22:49 | Build | House |
| 22:51 | Create | Villager (Male) |
| 22:51 | Create | Villager (Male) |
| 22:51 | Create | Villager (Male) |
| 22:52 | Create | Villager (Male) |
| 22:59 | Create | Villager (Male) |
| 22:59 | Create | Villager (Male) |
Build order — Harry Pioter
118 actions detected in the replay
| 0:01 | Create | Villager (Male) |
| 0:01 | Create | Villager (Male) |
| 0:02 | Create | Villager (Male) |
| 0:02 | Build | House |
| 0:04 | Build | House |
| 0:28 | Research | Loom |
| 0:45 | Build | Palisade Wall |
| 0:56 | Create | Villager (Male) |
| 0:56 | Create | Villager (Male) |
| 1:31 | Build | Palisade Wall |
| 1:45 | Build | Palisade Wall |
| 1:46 | Build | Palisade Wall |
| 1:57 | Build | House |
| 2:04 | Create | Villager (Male) |
| 2:42 | Build | Palisade Wall |
| 2:46 | Create | Villager (Male) |
| 2:46 | Create | Villager (Male) |
| 3:09 | Build | Palisade Wall |
| 3:09 | Create | Villager (Male) |
| 3:10 | Create | Villager (Male) |
| 3:24 | Build | Palisade Wall |
| 3:30 | Create | Villager (Male) |
| 3:55 | Create | Villager (Male) |
| 4:29 | Create | Villager (Male) |
| 4:29 | Create | Villager (Male) |
| 4:49 | Build | Palisade Wall |
| 4:54 | Build | House |
| 5:01 | Build | Palisade Wall |
| 5:14 | Create | Villager (Male) |
| 5:14 | Create | Villager (Male) |
| 5:49 | Create | Villager (Male) |
| 6:01 | Build | House |
| 6:22 | Build | Mill |
| 6:29 | Create | Villager (Male) |
| 6:30 | Create | Villager (Male) |
| 7:33 | Create | Villager (Male) |
| 7:33 | Create | Villager (Male) |
| 8:00 | Create | Villager (Male) |
| 8:01 | Create | Villager (Male) |
| 8:22 | Create | Villager (Male) |
| 8:42 | Create | Villager (Male) |
| 9:07 | Create | Villager (Male) |
| 9:07 | Create | Villager (Male) |
| 9:33 | Create | Villager (Male) |
| 9:48 | Build | Lumber Camp |
| 10:33 | Create | Villager (Male) |
| 10:37 | Create | Villager (Male) |
| 10:38 | Create | Villager (Male) |
| 11:45 | Research | Feudal Age |
| 11:46 | Research | Feudal Age |
| 12:01 | Build | Barracks |
| 12:12 | Build | Mill |
| 12:26 | Build | Mining Camp |
| 13:21 | Create | Villager (Male) |
| 13:21 | Create | Villager (Male) |
| 13:31 | Build | House |
| 13:58 | Age | Feudal Age |
| 14:10 | Build | Market |
| 14:21 | Build | Blacksmith |
| 15:02 | Research | Castle Age |
| 15:02 | Research | Castle Age |
| 15:05 | Build | House |
| 15:11 | Build | House |
| 15:34 | Research | Double-Bit Axe |
| 15:34 | Research | Double-Bit Axe |
| 16:12 | Build | House |
| 16:14 | Build | Barracks |
| 16:17 | Research | Scale Mail Armor |
| 16:44 | Create | Militia |
| 16:48 | Build | House |
| 16:49 | Build | House |
| 16:52 | Create | Militia |
| 16:54 | Create | Militia |
| 17:14 | Create | Villager (Male) |
| 17:19 | Create | Militia |
| 17:23 | Create | Militia |
| 17:42 | Age | Castle Age |
| 17:44 | Build | Siege Workshop |
| 17:47 | Create | Militia |
| 17:47 | Create | Militia |
| 18:01 | Create | Villager (Male) |
| 18:22 | Build | House |
| 18:23 | Build | House |
| 18:27 | Create | Battering Ram |
| 18:34 | Create | Villager (Male) |
| 18:45 | Create | Militia |
| 18:45 | Create | Militia |
| 18:46 | Research | Man-at-Arms (upgrade) |
| 19:02 | Create | Battering Ram |
| 19:11 | Create | Militia |
| 19:12 | Create | Militia |
| 19:19 | Create | Villager (Male) |
| 19:40 | Create | Battering Ram |
| 19:40 | Create | Battering Ram |
| 19:47 | Build | Farm |
| 19:51 | Create | Militia |
| 19:53 | Research | Long Swordsman (upgrade) |
| 20:05 | Create | Militia |
| 20:23 | Create | Scorpion |
| 20:34 | Create | Villager (Male) |
| 20:42 | Create | Villager (Male) |
| 20:46 | Build | Farm |
| 20:47 | Build | Farm |
| 20:49 | Build | Farm |
| 20:50 | Build | Farm |
| 20:53 | Build | Farm |
| 20:55 | Build | Farm |
| 21:39 | Create | Villager (Male) |
| 22:17 | Create | Militia |
| 22:17 | Create | Militia |
| 22:20 | Build | Mining Camp |
| 22:29 | Create | Militia |
| 22:45 | Create | Militia |
| 22:49 | Build | Farm |
| 22:51 | Build | Farm |
| 22:52 | Build | Farm |
| 22:53 | Build | Farm |
| 22:54 | Build | Farm |
Build order — Luca
129 actions detected in the replay
| 0:02 | Create | Villager (Male) |
| 0:03 | Build | House |
| 0:05 | Build | House |
| 0:07 | Create | Villager (Male) |
| 0:11 | Research | Loom |
| 0:24 | Create | Villager (Male) |
| 0:24 | Create | Villager (Male) |
| 0:39 | Create | Villager (Male) |
| 0:39 | Create | Villager (Male) |
| 0:39 | Create | Villager (Male) |
| 1:02 | Build | Palisade Wall |
| 2:02 | Create | Villager (Male) |
| 2:02 | Create | Villager (Male) |
| 2:33 | Build | Palisade Wall |
| 2:41 | Create | Villager (Male) |
| 2:41 | Create | Villager (Male) |
| 2:46 | Build | Palisade Wall |
| 2:53 | Create | Villager (Male) |
| 2:54 | Create | Villager (Male) |
| 3:28 | Build | Lumber Camp |
| 3:37 | Build | Palisade Wall |
| 3:39 | Build | Palisade Wall |
| 3:54 | Create | Villager (Male) |
| 3:55 | Create | Villager (Male) |
| 3:55 | Create | Villager (Male) |
| 4:12 | Create | Villager (Male) |
| 4:12 | Create | Villager (Male) |
| 4:29 | Build | House |
| 4:31 | Build | Palisade Wall |
| 5:20 | Build | House |
| 5:39 | Create | Villager (Male) |
| 5:40 | Create | Villager (Male) |
| 5:40 | Create | Villager (Male) |
| 6:44 | Create | Villager (Male) |
| 6:44 | Create | Villager (Male) |
| 6:51 | Create | Villager (Male) |
| 6:51 | Create | Villager (Male) |
| 6:51 | Create | Villager (Male) |
| 7:51 | Build | Mill |
| 8:25 | Create | Villager (Male) |
| 8:25 | Create | Villager (Male) |
| 8:37 | Create | Villager (Male) |
| 8:37 | Create | Villager (Male) |
| 8:39 | Create | Villager (Male) |
| 8:54 | Build | House |
| 9:52 | Build | Mining Camp |
| 10:35 | Research | Feudal Age |
| 10:48 | Build | Mill |
| 10:57 | Create | Villager (Male) |
| 10:57 | Create | Villager (Male) |
| 12:05 | Build | Palisade Wall |
| 12:45 | Age | Feudal Age |
| 12:52 | Build | Market |
| 12:59 | Build | Blacksmith |
| 13:11 | Build | Farm |
| 13:11 | Build | Farm |
| 13:12 | Build | Farm |
| 13:12 | Build | Farm |
| 13:13 | Build | Farm |
| 13:42 | Create | Villager (Male) |
| 13:47 | Research | Castle Age |
| 13:53 | Build | House |
| 13:55 | Build | House |
| 13:57 | Build | House |
| 13:58 | Build | Palisade Wall |
| 13:59 | Build | Palisade Wall |
| 14:24 | Research | Double-Bit Axe |
| 16:15 | Create | Villager (Male) |
| 16:27 | Age | Castle Age |
| 16:32 | Build | Town Center |
| 16:49 | Build | Town Center |
| 16:54 | Create | Villager (Male) |
| 16:55 | Create | Villager (Male) |
| 17:36 | Create | Villager (Male) |
| 17:42 | Create | Villager (Male) |
| 17:42 | Create | Villager (Male) |
| 17:44 | Build | Farm |
| 17:45 | Build | Farm |
| 17:52 | Build | Farm |
| 17:55 | Create | Villager (Male) |
| 18:15 | Build | Farm |
| 18:25 | Create | Villager (Male) |
| 18:25 | Create | Villager (Male) |
| 18:29 | Create | Villager (Male) |
| 18:29 | Create | Villager (Male) |
| 18:30 | Create | Villager (Male) |
| 18:30 | Create | Villager (Male) |
| 18:30 | Create | Villager (Male) |
| 18:31 | Create | Villager (Male) |
| 18:34 | Build | Farm |
| 18:40 | Build | Farm |
| 18:43 | Create | Villager (Male) |
| 18:49 | Build | Farm |
| 18:57 | Create | Villager (Male) |
| 19:10 | Build | Farm |
| 19:10 | Build | Farm |
| 19:16 | Build | Farm |
| 19:19 | Create | Villager (Male) |
| 19:27 | Build | Mining Camp |
| 19:38 | Build | Farm |
| 19:40 | Build | Farm |
| 19:44 | Build | Farm |
| 19:46 | Create | Villager (Male) |
| 19:47 | Create | Villager (Male) |
| 19:47 | Create | Villager (Male) |
| 19:47 | Create | Villager (Male) |
| 19:58 | Create | Villager (Male) |
| 20:00 | Build | Farm |
| 20:06 | Build | Farm |
| 20:14 | Build | Farm |
| 20:14 | Build | Farm |
| 20:17 | Build | Farm |
| 20:20 | Create | Villager (Male) |
| 20:25 | Build | Farm |
| 20:29 | Create | Villager (Male) |
| 20:41 | Build | Farm |
| 20:57 | Build | Stone Wall |
| 21:11 | Build | Siege Workshop |
| 21:18 | Build | House |
| 21:23 | Build | House |
| 21:31 | Research | Fletching |
| 21:51 | Build | Stone Wall |
| 22:16 | Create | Villager (Male) |
| 22:16 | Create | Villager (Male) |
| 22:18 | Create | Mangonel |
| 22:21 | Build | House |
| 22:22 | Build | House |
| 22:23 | Build | House |
| 22:44 | Build | Stone Wall |
Build order — MeXxX
110 actions detected in the replay
| 0:01 | Create | Villager (Male) |
| 0:01 | Research | Loom |
| 0:02 | Create | Villager (Male) |
| 0:02 | Create | Villager (Male) |
| 0:02 | Create | Villager (Male) |
| 0:04 | Build | House |
| 0:05 | Build | House |
| 1:14 | Build | Palisade Wall |
| 2:30 | Build | Palisade Wall |
| 2:41 | Create | Villager (Male) |
| 2:42 | Create | Villager (Male) |
| 3:14 | Build | Palisade Wall |
| 3:40 | Build | Palisade Wall |
| 3:43 | Create | Villager (Male) |
| 3:43 | Create | Villager (Male) |
| 3:43 | Create | Villager (Male) |
| 3:43 | Create | Villager (Male) |
| 4:13 | Create | Villager (Male) |
| 4:13 | Create | Villager (Male) |
| 4:25 | Build | Lumber Camp |
| 4:54 | Create | Villager (Male) |
| 4:54 | Create | Villager (Male) |
| 4:54 | Create | Villager (Male) |
| 5:38 | Build | House |
| 5:42 | Create | Villager (Male) |
| 5:42 | Create | Villager (Male) |
| 5:43 | Create | Villager (Male) |
| 6:07 | Create | Villager (Male) |
| 6:07 | Create | Villager (Male) |
| 6:07 | Create | Villager (Male) |
| 6:25 | Create | Villager (Male) |
| 6:26 | Create | Villager (Male) |
| 6:26 | Create | Villager (Male) |
| 6:35 | Create | Villager (Male) |
| 6:35 | Create | Villager (Male) |
| 6:35 | Create | Villager (Male) |
| 6:36 | Create | Villager (Male) |
| 6:52 | Build | House |
| 7:14 | Build | House |
| 7:24 | Create | Villager (Male) |
| 8:02 | Create | Villager (Male) |
| 8:17 | Create | Villager (Male) |
| 8:17 | Create | Villager (Male) |
| 8:20 | Create | Villager (Male) |
| 8:58 | Build | Mill |
| 8:59 | Create | Villager (Male) |
| 9:32 | Build | Mining Camp |
| 10:22 | Create | Villager (Male) |
| 10:48 | Research | Feudal Age |
| 10:48 | Research | Feudal Age |
| 10:48 | Research | Feudal Age |
| 11:23 | Build | Farm |
| 11:26 | Build | Farm |
| 12:03 | Build | Farm |
| 12:35 | Create | Villager (Male) |
| 12:36 | Create | Villager (Male) |
| 12:58 | Age | Feudal Age |
| 12:59 | Build | Market |
| 13:06 | Build | Blacksmith |
| 13:39 | Build | Stone Wall |
| 13:56 | Create | Villager (Male) |
| 14:17 | Build | Mining Camp |
| 14:57 | Research | Castle Age |
| 14:57 | Research | Castle Age |
| 14:57 | Research | Castle Age |
| 15:32 | Build | House |
| 15:34 | Build | House |
| 16:00 | Research | Fletching |
| 16:00 | Research | Fletching |
| 16:00 | Research | Fletching |
| 16:12 | Research | Double-Bit Axe |
| 16:12 | Research | Double-Bit Axe |
| 16:12 | Research | Double-Bit Axe |
| 16:13 | Research | Double-Bit Axe |
| 17:11 | Research | Horse Collar |
| 17:12 | Research | Horse Collar |
| 17:14 | Create | Villager (Male) |
| 17:14 | Create | Villager (Male) |
| 17:37 | Age | Castle Age |
| 17:41 | Build | Castle |
| 17:53 | Build | Stone Wall |
| 18:06 | Create | Villager (Male) |
| 18:53 | Research | Bodkin Arrow |
| 18:54 | Research | Bodkin Arrow |
| 19:17 | Create | Villager (Male) |
| 19:17 | Create | Villager (Male) |
| 19:26 | Create | Petard |
| 19:26 | Create | Petard |
| 19:26 | Create | Petard |
| 19:27 | Create | Petard |
| 19:27 | Create | Petard |
| 19:27 | Create | Petard |
| 19:27 | Create | Petard |
| 19:34 | Build | House |
| 19:35 | Build | House |
| 19:36 | Build | House |
| 19:37 | Build | House |
| 19:38 | Build | House |
| 20:28 | Create | Villager (Male) |
| 20:34 | Build | Town Center |
| 20:56 | Create | Villager (Male) |
| 20:56 | Create | Villager (Male) |
| 21:19 | Build | Farm |
| 21:21 | Build | Farm |
| 21:22 | Build | Farm |
| 21:24 | Build | Farm |
| 22:57 | Create | Villager (Male) |
| 22:57 | Create | Villager (Male) |
| 22:58 | Create | Villager (Male) |
| 23:00 | Build | House |
Build order — Kenta.Kofot
117 actions detected in the replay
| 0:02 | Create | Villager (Male) |
| 0:02 | Create | Villager (Male) |
| 0:05 | Build | House |
| 0:06 | Build | House |
| 0:08 | Build | House |
| 0:26 | Research | Loom |
| 0:33 | Build | Mill |
| 0:38 | Build | Mill |
| 0:48 | Create | Villager (Male) |
| 0:49 | Create | Villager (Male) |
| 0:49 | Create | Villager (Male) |
| 1:56 | Create | Villager (Male) |
| 2:40 | Create | Villager (Male) |
| 2:55 | Create | Villager (Male) |
| 3:20 | Create | Villager (Male) |
| 3:36 | Create | Villager (Male) |
| 3:37 | Create | Villager (Male) |
| 4:03 | Create | Villager (Male) |
| 4:03 | Create | Villager (Male) |
| 4:24 | Create | Villager (Male) |
| 4:24 | Create | Villager (Male) |
| 5:02 | Create | Villager (Male) |
| 5:02 | Create | Villager (Male) |
| 5:48 | Create | Villager (Male) |
| 6:08 | Create | Villager (Male) |
| 6:09 | Create | Villager (Male) |
| 6:19 | Build | Lumber Camp |
| 6:23 | Build | House |
| 6:25 | Create | Villager (Male) |
| 6:25 | Create | Villager (Male) |
| 6:44 | Build | Palisade Wall |
| 6:55 | Create | Villager (Male) |
| 6:56 | Create | Villager (Male) |
| 7:16 | Create | Villager (Male) |
| 7:16 | Create | Villager (Male) |
| 7:51 | Create | Villager (Male) |
| 8:51 | Build | House |
| 8:52 | Build | House |
| 8:59 | Build | Mining Camp |
| 10:07 | Create | Villager (Male) |
| 10:20 | Build | Mill |
| 10:22 | Create | Villager (Male) |
| 10:59 | Create | Villager (Male) |
| 11:22 | Create | Villager (Male) |
| 11:53 | Research | Feudal Age |
| 12:14 | Build | Mining Camp |
| 13:14 | Build | Lumber Camp |
| 13:40 | Create | Villager (Male) |
| 13:40 | Create | Villager (Male) |
| 13:40 | Create | Villager (Male) |
| 13:41 | Create | Villager (Male) |
| 14:03 | Age | Feudal Age |
| 14:03 | Research | Horse Collar |
| 14:04 | Research | Horse Collar |
| 14:05 | Research | Double-Bit Axe |
| 14:07 | Research | Gold Mining |
| 14:08 | Research | Stone Mining |
| 14:19 | Build | Stone Wall |
| 14:33 | Build | Gate |
| 14:44 | Build | Stone Wall |
| 14:45 | Build | Stone Wall |
| 14:48 | Create | Villager (Male) |
| 14:50 | Build | Farm |
| 15:03 | Build | Market |
| 15:12 | Build | Farm |
| 15:21 | Build | Farm |
| 15:22 | Create | Villager (Male) |
| 15:30 | Build | House |
| 15:31 | Build | House |
| 15:32 | Build | House |
| 15:45 | Build | Farm |
| 16:08 | Build | Farm |
| 16:10 | Build | Farm |
| 16:11 | Build | Farm |
| 16:12 | Build | Farm |
| 16:14 | Create | Villager (Male) |
| 16:27 | Build | Farm |
| 16:28 | Build | Farm |
| 16:29 | Build | Farm |
| 16:31 | Build | Farm |
| 16:34 | Build | Farm |
| 16:35 | Create | Villager (Male) |
| 16:36 | Build | Farm |
| 16:42 | Build | Farm |
| 17:00 | Build | Farm |
| 17:09 | Create | Villager (Male) |
| 17:25 | Build | Farm |
| 17:29 | Create | Villager (Male) |
| 17:29 | Create | Villager (Male) |
| 17:42 | Build | Farm |
| 17:48 | Create | Trade Cart |
| 17:49 | Create | Trade Cart |
| 17:49 | Create | Trade Cart |
| 18:09 | Build | Farm |
| 18:16 | Build | Farm |
| 18:19 | Create | Villager (Male) |
| 18:24 | Build | Farm |
| 18:32 | Create | Villager (Male) |
| 18:59 | Create | Trade Cart |
| 18:59 | Create | Trade Cart |
| 19:24 | Create | Villager (Male) |
| 19:35 | Build | Blacksmith |
| 19:46 | Build | House |
| 19:47 | Build | House |
| 19:51 | Create | Villager (Male) |
| 19:55 | Create | Villager (Male) |
| 20:25 | Research | Castle Age |
| 20:37 | Research | Fletching |
| 20:41 | Create | Trade Cart |
| 20:42 | Create | Trade Cart |
| 21:02 | Build | House |
| 21:04 | Build | House |
| 21:08 | Build | House |
| 21:22 | Research | Wheelbarrow |
| 21:22 | Research | Town Watch |
| 21:35 | Build | Stone Wall |
| 21:36 | Build | Stone Wall |
Build order — ruibizca
First 150 of 186 actions detected
| 0:01 | Create | Villager (Male) |
| 0:01 | Create | Villager (Male) |
| 0:01 | Create | Villager (Male) |
| 0:01 | Create | Villager (Male) |
| 0:02 | Create | Villager (Male) |
| 0:02 | Create | Villager (Male) |
| 0:03 | Build | House |
| 0:04 | Build | House |
| 1:32 | Create | Villager (Male) |
| 1:49 | Build | Lumber Camp |
| 1:52 | Create | Villager (Male) |
| 2:22 | Create | Villager (Male) |
| 2:47 | Create | Villager (Male) |
| 3:07 | Create | Villager (Male) |
| 3:28 | Build | House |
| 3:28 | Build | House |
| 3:41 | Create | Villager (Male) |
| 4:03 | Create | Villager (Male) |
| 4:34 | Create | Villager (Male) |
| 4:34 | Create | Villager (Male) |
| 4:34 | Create | Villager (Male) |
| 4:52 | Build | Mill |
| 4:54 | Create | Villager (Male) |
| 5:28 | Create | Villager (Male) |
| 5:28 | Create | Villager (Male) |
| 5:28 | Create | Villager (Male) |
| 5:53 | Create | Villager (Male) |
| 5:53 | Create | Villager (Male) |
| 5:53 | Create | Villager (Male) |
| 5:54 | Create | Villager (Male) |
| 6:03 | Create | Villager (Male) |
| 6:13 | Create | Villager (Male) |
| 6:29 | Create | Villager (Male) |
| 6:40 | Create | Villager (Male) |
| 6:53 | Create | Villager (Male) |
| 7:04 | Build | Lumber Camp |
| 7:09 | Build | Lumber Camp |
| 8:01 | Create | Villager (Male) |
| 8:21 | Create | Villager (Male) |
| 8:30 | Build | Mining Camp |
| 8:47 | Research | Feudal Age |
| 9:04 | Build | Farm |
| 9:05 | Build | Farm |
| 9:12 | Build | Farm |
| 9:17 | Build | House |
| 10:31 | Create | Villager (Male) |
| 10:44 | Create | Villager (Male) |
| 10:58 | Age | Feudal Age |
| 11:02 | Build | Market |
| 11:04 | Build | Blacksmith |
| 11:50 | Research | Castle Age |
| 12:30 | Research | Double-Bit Axe |
| 12:30 | Research | Horse Collar |
| 12:30 | Research | Horse Collar |
| 13:02 | Create | Villager (Male) |
| 13:03 | Create | Villager (Male) |
| 14:30 | Age | Castle Age |
| 14:36 | Build | Town Center |
| 14:48 | Build | Town Center |
| 14:51 | Create | Villager (Male) |
| 14:55 | Research | Wheelbarrow |
| 15:09 | Build | House |
| 15:10 | Build | House |
| 15:31 | Research | Heavy Plow |
| 15:31 | Research | Heavy Plow |
| 15:58 | Create | Villager (Male) |
| 16:17 | Create | Villager (Male) |
| 16:17 | Create | Villager (Male) |
| 16:21 | Create | Villager (Male) |
| 16:22 | Create | Villager (Male) |
| 16:22 | Create | Villager (Male) |
| 16:28 | Build | House |
| 16:31 | Build | House |
| 16:39 | Build | Mill |
| 16:41 | Build | Farm |
| 16:41 | Build | Farm |
| 16:41 | Build | Farm |
| 16:41 | Build | Farm |
| 16:43 | Create | Villager (Male) |
| 16:43 | Create | Villager (Male) |
| 16:43 | Create | Villager (Male) |
| 17:04 | Build | Farm |
| 17:08 | Build | House |
| 17:13 | Build | Farm |
| 17:22 | Create | Villager (Male) |
| 17:23 | Create | Villager (Male) |
| 17:24 | Create | Villager (Male) |
| 17:29 | Create | Villager (Male) |
| 17:38 | Build | Farm |
| 17:49 | Build | House |
| 17:58 | Create | Villager (Male) |
| 18:00 | Create | Villager (Male) |
| 18:00 | Create | Villager (Male) |
| 18:01 | Create | Villager (Male) |
| 18:01 | Create | Villager (Male) |
| 18:06 | Build | Farm |
| 18:07 | Create | Villager (Male) |
| 18:09 | Create | Villager (Male) |
| 18:19 | Build | Farm |
| 18:29 | Create | Villager (Male) |
| 18:29 | Create | Villager (Male) |
| 18:29 | Create | Villager (Male) |
| 18:45 | Build | Town Center |
| 18:46 | Create | Villager (Male) |
| 18:46 | Create | Villager (Male) |
| 18:46 | Create | Villager (Male) |
| 18:55 | Build | House |
| 18:57 | Build | House |
| 18:58 | Create | Villager (Male) |
| 18:58 | Create | Villager (Male) |
| 19:11 | Create | Villager (Male) |
| 19:20 | Build | Gate |
| 19:25 | Build | House |
| 19:27 | Create | Villager (Male) |
| 19:27 | Create | Villager (Male) |
| 19:27 | Create | Villager (Male) |
| 19:28 | Create | Villager (Male) |
| 19:34 | Build | Farm |
| 19:35 | Build | Farm |
| 19:37 | Build | Farm |
| 19:37 | Create | Villager (Male) |
| 19:49 | Create | Villager (Male) |
| 19:50 | Create | Villager (Male) |
| 19:51 | Create | Villager (Male) |
| 20:04 | Build | Mill |
| 20:05 | Build | Farm |
| 20:06 | Build | Farm |
| 20:06 | Build | Farm |
| 20:06 | Build | Farm |
| 20:07 | Build | Farm |
| 20:15 | Create | Villager (Male) |
| 20:18 | Create | Villager (Male) |
| 20:18 | Create | Villager (Male) |
| 20:19 | Create | Villager (Male) |
| 20:27 | Build | Farm |
| 20:28 | Create | Villager (Male) |
| 20:42 | Create | Villager (Male) |
| 20:44 | Create | Villager (Male) |
| 20:48 | Build | Farm |
| 20:52 | Build | Farm |
| 20:53 | Build | Farm |
| 20:54 | Create | Villager (Male) |
| 20:54 | Create | Villager (Male) |
| 21:01 | Research | Bow Saw |
| 21:01 | Research | Bow Saw |
| 21:03 | Research | Loom |
| 21:08 | Build | House |
| 21:09 | Create | Villager (Male) |
| 21:15 | Build | Farm |
| 21:17 | Create | Villager (Male) |
Build order — Yng_Triceratops
121 actions detected in the replay
| 0:01 | Create | Villager (Male) |
| 0:01 | Create | Villager (Male) |
| 0:02 | Create | Villager (Male) |
| 0:03 | Build | House |
| 0:04 | Build | House |
| 0:48 | Create | Villager (Male) |
| 1:34 | Research | Loom |
| 1:55 | Build | House |
| 1:57 | Create | Villager (Male) |
| 2:34 | Create | Villager (Male) |
| 2:40 | Build | Palisade Wall |
| 2:47 | Build | Palisade Gate |
| 2:49 | Build | Palisade Wall |
| 2:53 | Create | Villager (Male) |
| 3:08 | Create | Villager (Male) |
| 3:24 | Build | Lumber Camp |
| 3:50 | Create | Villager (Male) |
| 4:17 | Build | House |
| 4:24 | Create | Villager (Male) |
| 4:49 | Create | Villager (Male) |
| 5:20 | Create | Villager (Male) |
| 5:43 | Create | Villager (Male) |
| 6:08 | Create | Villager (Male) |
| 6:36 | Create | Villager (Male) |
| 7:05 | Build | Mill |
| 7:09 | Create | Villager (Male) |
| 7:39 | Create | Villager (Male) |
| 8:11 | Research | Feudal Age |
| 8:38 | Build | House |
| 9:21 | Build | House |
| 10:21 | Age | Feudal Age |
| 10:31 | Create | Villager (Male) |
| 10:33 | Research | Horse Collar |
| 10:37 | Build | Mining Camp |
| 10:50 | Create | Villager (Male) |
| 10:58 | Build | Gate |
| 11:02 | Build | House |
| 11:17 | Build | Blacksmith |
| 11:23 | Create | Villager (Male) |
| 11:38 | Research | Gold Mining |
| 11:50 | Create | Villager (Male) |
| 12:19 | Create | Villager (Male) |
| 12:41 | Build | Market |
| 12:47 | Create | Villager (Male) |
| 13:13 | Create | Villager (Male) |
| 13:26 | Build | House |
| 13:40 | Research | Castle Age |
| 13:55 | Build | Mining Camp |
| 14:19 | Research | Stone Mining |
| 14:28 | Build | House |
| 15:12 | Build | House |
| 15:13 | Build | House |
| 16:19 | Build | Barracks |
| 16:20 | Age | Castle Age |
| 16:22 | Create | Villager (Male) |
| 16:31 | Build | Town Center |
| 16:46 | Research | Double-Bit Axe |
| 16:47 | Create | Villager (Male) |
| 17:14 | Create | Spearman |
| 17:22 | Create | Villager (Male) |
| 17:31 | Build | Stable |
| 17:35 | Create | Villager (Male) |
| 17:52 | Build | Lumber Camp |
| 18:03 | Create | Villager (Male) |
| 18:08 | Create | Villager (Male) |
| 18:09 | Create | Villager (Male) |
| 18:23 | Build | House |
| 18:33 | Create | Unit 1944 |
| 18:40 | Build | Farm |
| 18:42 | Build | Farm |
| 18:43 | Build | Farm |
| 18:43 | Build | Farm |
| 18:43 | Build | Farm |
| 18:44 | Build | Farm |
| 18:44 | Build | Farm |
| 18:44 | Build | Farm |
| 19:02 | Build | Farm |
| 19:02 | Build | Farm |
| 19:02 | Build | Farm |
| 19:03 | Build | Farm |
| 19:03 | Build | Farm |
| 19:03 | Build | Farm |
| 19:04 | Build | Farm |
| 19:04 | Build | Farm |
| 19:28 | Create | Villager (Male) |
| 20:07 | Create | Unit 1944 |
| 20:29 | Create | Villager (Male) |
| 20:49 | Create | Villager (Male) |
| 20:58 | Build | Mill |
| 20:59 | Build | Farm |
| 20:59 | Build | Farm |
| 21:00 | Build | Farm |
| 21:00 | Build | Farm |
| 21:00 | Build | Farm |
| 21:01 | Build | Farm |
| 21:01 | Build | Farm |
| 21:01 | Build | Farm |
| 21:01 | Build | Farm |
| 21:02 | Build | Farm |
| 21:02 | Build | Farm |
| 21:02 | Build | Farm |
| 21:03 | Build | Farm |
| 21:04 | Build | Farm |
| 21:20 | Build | Town Center |
| 21:26 | Create | Villager (Male) |
| 21:26 | Create | Villager (Male) |
| 22:22 | Create | Villager (Male) |
| 22:25 | Create | Villager (Male) |
| 22:25 | Create | Villager (Male) |
| 22:25 | Create | Villager (Male) |
| 22:26 | Create | Villager (Male) |
| 22:36 | Build | Farm |
| 22:37 | Build | Farm |
| 22:37 | Build | Farm |
| 22:37 | Build | Farm |
| 22:38 | Build | Farm |
| 22:38 | Build | Farm |
| 22:38 | Build | Farm |
| 22:38 | Build | Farm |
| 22:39 | Build | Farm |
| 22:44 | Create | Villager (Male) |
Build order — lelouch
91 actions detected in the replay
| 0:03 | Create | Villager (Male) |
| 0:03 | Create | Villager (Male) |
| 0:04 | Build | House |
| 0:06 | Build | House |
| 0:29 | Research | Loom |
| 0:45 | Create | Villager (Male) |
| 0:45 | Create | Villager (Male) |
| 1:10 | Build | Palisade Wall |
| 1:43 | Create | Villager (Male) |
| 2:08 | Build | Palisade Wall |
| 2:34 | Create | Villager (Male) |
| 2:34 | Create | Villager (Male) |
| 2:34 | Create | Villager (Male) |
| 2:54 | Create | Villager (Male) |
| 2:55 | Create | Villager (Male) |
| 3:23 | Build | Lumber Camp |
| 3:37 | Build | Palisade Wall |
| 3:51 | Build | Palisade Wall |
| 3:57 | Build | Palisade Wall |
| 4:14 | Build | Palisade Wall |
| 4:15 | Build | Palisade Wall |
| 4:21 | Create | Villager (Male) |
| 4:22 | Create | Villager (Male) |
| 5:09 | Create | Villager (Male) |
| 5:16 | Build | House |
| 5:31 | Create | Villager (Male) |
| 6:01 | Create | Villager (Male) |
| 6:07 | Build | House |
| 6:15 | Build | Mill |
| 6:28 | Create | Villager (Male) |
| 6:39 | Build | House |
| 6:46 | Create | Villager (Male) |
| 7:15 | Create | Villager (Male) |
| 7:43 | Create | Villager (Male) |
| 7:50 | Build | Mining Camp |
| 8:19 | Create | Villager (Male) |
| 8:19 | Create | Villager (Male) |
| 8:19 | Create | Villager (Male) |
| 8:44 | Create | Villager (Male) |
| 9:04 | Build | Farm |
| 9:32 | Create | Villager (Male) |
| 9:41 | Build | Farm |
| 9:47 | Create | Villager (Male) |
| 10:12 | Build | Farm |
| 10:25 | Create | Villager (Male) |
| 10:25 | Create | Villager (Male) |
| 10:49 | Create | Villager (Male) |
| 11:15 | Research | Feudal Age |
| 11:15 | Research | Feudal Age |
| 11:21 | Build | Mining Camp |
| 11:44 | Create | Villager (Male) |
| 12:25 | Create | Villager (Male) |
| 13:25 | Age | Feudal Age |
| 13:29 | Build | Market |
| 13:31 | Build | Blacksmith |
| 14:40 | Research | Castle Age |
| 14:40 | Research | Castle Age |
| 14:40 | Research | Castle Age |
| 14:57 | Build | Farm |
| 15:01 | Build | Farm |
| 15:52 | Create | Villager (Male) |
| 15:56 | Research | Double-Bit Axe |
| 15:56 | Research | Double-Bit Axe |
| 16:36 | Research | Horse Collar |
| 16:36 | Research | Horse Collar |
| 16:50 | Build | Stone Wall |
| 17:03 | Build | Farm |
| 17:20 | Age | Castle Age |
| 17:30 | Build | Castle |
| 17:46 | Create | Villager (Male) |
| 17:46 | Create | Villager (Male) |
| 18:02 | Research | Bow Saw |
| 18:25 | Create | Villager (Male) |
| 18:25 | Create | Villager (Male) |
| 19:20 | Build | Siege Workshop |
| 19:33 | Create | Villager (Male) |
| 19:33 | Create | Villager (Male) |
| 19:49 | Create | Hussite Wagon |
| 20:26 | Create | Battering Ram |
| 20:27 | Create | Battering Ram |
| 20:31 | Create | Hussite Wagon |
| 21:02 | Build | Gate |
| 21:09 | Create | Battering Ram |
| 21:25 | Build | Stone Wall |
| 21:26 | Build | Stone Wall |
| 22:09 | Create | Battering Ram |
| 22:10 | Create | Villager (Male) |
| 22:10 | Create | Villager (Male) |
| 22:11 | Create | Villager (Male) |
| 22:32 | Research | Fletching |
| 22:52 | Create | Villager (Male) |
Match timeline
| 0:45 | Harry Pioter · wall_segment Palisade Wall x7 |
| 1:02 | Luca · wall_segment Palisade Wall x7 |
| 1:10 | lelouch · wall_segment Palisade Wall x11 |
| 1:14 | MeXxX · wall_segment Palisade Wall x9 |
| 1:31 | Harry Pioter · wall_segment Palisade Wall x2 |
| 1:45 | Harry Pioter · wall_segment Palisade Wall x1 |
| 1:46 | Harry Pioter · wall_segment Palisade Wall x3 |
| 2:08 | lelouch · wall_segment Palisade Wall x8 |
| 2:30 | MeXxX · wall_segment Palisade Wall x12 |
| 2:33 | Luca · wall_segment Palisade Wall x1 |
| 2:40 | Yng_Triceratops · wall_segment Palisade Wall x1 |
| 2:42 | Harry Pioter · wall_segment Palisade Wall x1 |
| 2:46 | Luca · wall_segment Palisade Wall x3 |
| 2:49 | Yng_Triceratops · wall_segment Palisade Wall x4 |
| 3:09 | Harry Pioter · wall_segment Palisade Wall x1 |
| 3:14 | MeXxX · wall_segment Palisade Wall x1 |
| 3:24 | Harry Pioter · wall_segment Palisade Wall x1 |
| 3:37 | Luca · wall_segment Palisade Wall x1 |
| 3:37 | lelouch · wall_segment Palisade Wall x1 |
| 3:39 | Luca · wall_segment Palisade Wall x3 |
| 3:40 | MeXxX · wall_segment Palisade Wall x1 |
| 3:51 | lelouch · wall_segment Palisade Wall x5 |
| 3:57 | lelouch · wall_segment Palisade Wall x1 |
| 4:14 | lelouch · wall_segment Palisade Wall x1 |
| 4:15 | lelouch · wall_segment Palisade Wall x1 |
| 4:31 | Luca · wall_segment Palisade Wall x1 |
| 4:49 | Harry Pioter · wall_segment Palisade Wall x7 |
| 5:01 | Harry Pioter · wall_segment Palisade Wall x1 |
| 6:44 | Kenta.Kofot · wall_segment Palisade Wall x9 |
| 10:21 | Yng_Triceratops · age_up feudal |
| 10:58 | ruibizca · age_up feudal |
| 12:01 | Harry Pioter · first_building Barracks |
| 12:05 | Luca · wall_segment Palisade Wall x1 |
| 12:45 | Luca · age_up feudal |
| 12:58 | MeXxX · age_up feudal |
| 13:25 | lelouch · age_up feudal |
| 13:36 | Yng_Triceratops · first_market_sell 100 wood |
| 13:39 | MeXxX · wall_segment Stone Wall x7 |
| 13:44 | MeXxX · first_market_sell 100 wood |
| 13:49 | Koab · age_up feudal |
| 13:58 | Harry Pioter · age_up feudal |
| 13:58 | Luca · wall_segment Palisade Wall x1 |
| 13:59 | Luca · wall_segment Palisade Wall x1 |
| 14:03 | Kenta.Kofot · age_up feudal |
| 14:18 | lelouch · first_market_buy 100 food |
| 14:19 | Kenta.Kofot · wall_segment Stone Wall x9 |
| 14:24 | lelouch · first_market_sell 100 wood |
| 14:30 | ruibizca · age_up castle |
| 14:44 | Kenta.Kofot · wall_segment Stone Wall x1 |
| 14:45 | Kenta.Kofot · wall_segment Stone Wall x1 |
| 15:01 | Harry Pioter · first_market_sell 100 stone |
| 15:30 | ruibizca · first_market_buy 100 food |
| 16:19 | Yng_Triceratops · first_building Barracks |
| 16:20 | Yng_Triceratops · age_up castle |
| 16:27 | Luca · age_up castle |
| 16:50 | lelouch · wall_segment Stone Wall x15 |
| 17:20 | lelouch · age_up castle |
| 17:30 | lelouch · first_building Castle |
| 17:31 | Yng_Triceratops · first_building Stable |
| 17:37 | MeXxX · age_up castle |
| 17:41 | MeXxX · first_building Castle |
| 17:42 | Harry Pioter · age_up castle |
| 17:44 | Harry Pioter · first_building Siege Workshop |
| 17:53 | MeXxX · wall_segment Stone Wall x13 |
| 18:31 | Yng_Triceratops · first_market_buy 100 food |
| 18:34 | Koab · age_up castle |
| 18:53 | Koab · tribute_sent a jugador 1 |
| 18:53 | Koab · tribute_sent a jugador 2 |
| 18:53 | Koab · tribute_sent a jugador 3 |
| 18:53 | Koab · tribute_sent a jugador 4 |
| 18:53 | Koab · tribute_sent a jugador 6 |
| 18:53 | Koab · tribute_sent a jugador 7 |
| 18:53 | Koab · tribute_sent a jugador 8 |
| 19:20 | lelouch · first_building Siege Workshop |
| 20:57 | Luca · wall_segment Stone Wall x8 |
| 21:11 | Luca · first_building Siege Workshop |
| 21:25 | lelouch · wall_segment Stone Wall x4 |
| 21:26 | lelouch · wall_segment Stone Wall x1 |
| 21:35 | Kenta.Kofot · wall_segment Stone Wall x11 |
| 21:36 | Kenta.Kofot · wall_segment Stone Wall x7 |
| 21:51 | Luca · wall_segment Stone Wall x4 |
| 21:54 | Kenta.Kofot · resign |
| 22:44 | Luca · wall_segment Stone Wall x9 |
[ AI ANALYSIS · 1 CREDIT ]
What really happened in this match?
Wolo.gg analyzes every decision: build order, eco, micro, common mistakes by bracket. Personalized analysis on WhatsApp or Discord in 30 seconds.
Civ guide
Poles
Perfil
Jugador #3595372